 Dungeon Crawl Stone Soup version 0.29.0-5-ge4962eb29e (webtiles) character file.

Game seed: 2114087620354364798

84 PieDemon the Digger (level 5, -6/38 HPs)
             Began as a Meteoran Earth Elementalist on Aug 29, 2022.
             Killed from afar by Ijyb (17 damage)
             ... with a bolt of dispelling energy
             ... on level 4 of the Dungeon.
             The game lasted 00:06:49 (805 turns).

PieDemon the Digger (Meteoran Earth Elementalist)    Turns: 805, Time: 00:06:50

Health: -6/38      AC:  3    Str: 10    XL:     5   Next: 3%
Magic:  4/10       EV: 12    Int: 18    God:
Gold:   150        SH:  0    Dex: 14    Spells: 0/10 levels left

rFire   . . .      SeeInvis .   o - +4 short sword (venom)
rCold   . . .      Faith    .   (no shield)
rNeg    . . .      Spirit   .   a - +0 robe
rPois   .          Reflect  .   m - +0 helmet
rElec   .          Harm     .   (no cloak)
rCorr   .          Rampage  .   (no gloves)
Will    .....                   (no boots)
Stlth   +.........              (no amulet)
HPRegen 0.12/turn               (no ring)
MPRegen 0.12/turn               (no ring)

@: glowing
A: sense surroundings 1, otherworldly, glowing, explore regen
a: no special abilities


You were on level 4 of the Dungeon.
You visited 1 branch of the dungeon, and saw 4 of its levels.

You collected 150 gold pieces.

Inventory:

Hand Weapons
 g - a +0 dagger
 n - a +0 flail
 o - a +4 short sword of venom (weapon)
Armour
 a - a +0 robe (worn)
 m - a +0 helmet (worn)
Scrolls
 c - 3 scrolls of identify
 e - a scroll of teleportation
 h - a scroll of fog {unknown}
 i - a scroll of noise {unknown}
 k - a scroll of enchant weapon {unknown}
 l - a scroll of magic mapping {unknown}
Potions
 b - a potion of magic
 d - 2 potions of curing
 f - a potion of invisibility {unknown}
 j - a potion of might {unknown}


   Skills:
 - Level 2.4 Dodging
 - Level 1.4 Stealth
 - Level 3.0 Spellcasting
 - Level 1.2 Transmutations
 * Level 6.0 Earth Magic


You couldn't memorise any spells.
You knew the following spells:

 Your Spells              Type           Power      Damage    Failure   Level
a - Sandblast             Erth           48%        2d12      1%          1
b - Stone Arrow           Conj/Erth      26%        3d8       14%         3
c - Passwall              Tmut/Erth      12%        N/A       5%          2
d - Petrify               Tmut/Erth      15%        N/A       36%         4

Your spell library contained the following spells:

 Spells                   Type           Power      Damage    Failure   Level


Dungeon Overview and Level Annotations

Branches:
Dungeon (4/15) Zot: 1567
 Temple: D:4-7

Altars:

Shops:
D:3 [

Annotations:
D:4 Ijyb


Innate Abilities, Weirdness & Mutations

You passively map a small area around you.
You are easily found by Zot.
You glow in the dark.
You regain HP and MP as you explore.


Message History

Okay, then.
Sorry, you're not good enough to have a special ability.
Casting: Petrify (extremely dangerous; 36% risk of failure)
Confirm with . or Enter, or press ? or * to list all spells.
The spell is quite dangerous to miscast (14% risk of failure)!
Continue anyway?
Aiming: Stone Arrow (quite dangerous; 14% risk of failure)
Press: ? - help, Shift-Dir - straight line, f - Ijyb
Aim: Ijyb, wielding a +0 club, wearing a +4 ring mail of cold resistance and carrying a wand of quicksilver (13) (64% to hit)
Okay, then.
Unknown command.
Okay, then.
Okay, then.
Casting: Stone Arrow (quite dangerous; 14% risk of failure)
Confirm with . or Enter, or press ? or * to list all spells.
Okay, then.
Unknown command.
Casting: Stone Arrow (quite dangerous; 14% risk of failure)
Confirm with . or Enter, or press ? or * to list all spells.
Aiming: Sandblast (safe; 1% risk of failure)
Press: ? - help, Shift-Dir - straight line, f - Ijyb
Aim: Ijyb, wielding a +0 club, wearing a +4 ring mail of cold resistance and carrying a wand of quicksilver (13) (81% to hit)
The blast of sand misses Ijyb.
Casting: Sandblast (safe; 1% risk of failure)
Confirm with . or Enter, or press ? or * to list all spells.
Aiming: Sandblast (safe; 1% risk of failure)
Press: ? - help, Shift-Dir - straight line, f/p - Ijyb
Aim: Ijyb, wielding a +0 club, wearing a +4 ring mail of cold resistance and carrying a wand of quicksilver (13) (81% to hit)
The blast of sand hits Ijyb.
Ijyb is lightly wounded.
Ijyb hits you but does no damage.
Casting: Sandblast (safe; 1% risk of failure)
Confirm with . or Enter, or press ? or * to list all spells.
Aiming: Sandblast (safe; 1% risk of failure)
Press: ? - help, Shift-Dir - straight line, f - giant cockroach, p - Ijyb
Aim: a giant cockroach (83% to hit)
The blast of sand hits Ijyb but does no damage.
Ijyb zaps a wand.
The bolt of dispelling energy hits you!
* * * LOW HITPOINT WARNING * * *
Ijyb zaps a wand.
The bolt of dispelling energy hits you!
You die...

#.......#######..#
#..........# * .#
* #.......##.....#
# * #.......#
###.# * #.......#
*,* , ,,
#######.## # **
#..### *.# ##...#
,..#.. ,
###@###.....# *
#.).gB..# *
...>..####.##* ,
....## *.# ,,...,
* .# , .. , .# * ,
# * ..* , ,, #. *
. *


You could see Ijyb and a giant cockroach.

Vanquished Creatures
  An adder (D:3)
  4 gnolls (D:2)
  3 orcs (D:4)
  A bat (D:3)
  2 endoplasms (D:1)
  2 giant cockroaches
  3 goblins
  3 hobgoblins
  2 quokkas
  3 ball pythons
  8 kobolds
32 creatures vanquished.

Vanquished Creatures (others)
  3 fungi (D:1)
  3 toadstools (D:1)
6 creatures vanquished.

Grand Total: 38 creatures vanquished

Notes
Turn   | Place    | Note
-------+----------+-------------------------------------------
     0 | D:1      | PieDemon the Meteoran Earth Elementalist began the quest
                  | for the Orb.
     0 | D:1      | Reached XP level 1. HP: 14/14 MP: 5/5
   186 | D:1      | Reached skill level 4 in Earth Magic
   186 | D:1      | Reached XP level 2. HP: 20/20 MP: 3/6
   495 | D:3      | Reached XP level 3. HP: 26/26 MP: 5/8
   575 | D:2      | Found a faded altar of an unknown god.
   584 | D:2      | Reached skill level 5 in Earth Magic
   596 | D:2      | Reached XP level 4. HP: 30/33 MP: 2/9
   725 | D:3      | Found Duusaeru's Antique Armour Emporium.
   783 | D:4      | Reached skill level 6 in Earth Magic
   786 | D:4      | Reached XP level 5. HP: 38/38 MP: 5/10
   791 | D:4      | Learned a level 3 spell: Stone Arrow
   794 | D:4      | Learned a level 2 spell: Passwall
   799 | D:4      | Learned a level 4 spell: Petrify
   800 | D:4      | Noticed Ijyb
   805 | D:4      | Killed from afar by Ijyb

Illustrated notes

Levels and vault maps discovered:
D:1:      saegor_arrival_simple_e, layout_loops_corners,
          minmay_gold_behind_fungi
D:2:      layout_basic, basic_ecumenical_altar, fountainhead, roderic_lattice_a
D:3:      layout_rooms, serial_shops, shop
D:4:      layout_rooms, portal_sewer_entry_e, enter_ossuary_1, uniq_ijyb

Skill      XL: |  1  2  3  4 |
---------------+-------------+-----
Earth Magic    | 4 5 6 |  6.0
Spellcasting   | 3 |  3.0
Dodging        | |  2.4
Stealth        | |  1.4
Transmutations | |  1.2

Action                   |  1- 3 |  4- 6 || total
-------------------------+-------+-------++-------
Melee: Unarmed           |     1 |       ||     1
       Dagger            |     1 |    11 ||    12
 Cast: Sandblast         |    30 |    24 ||    54
  Use: Scroll            |       |     2 ||     2
Armor: Robe              |     2 |    12 ||    14
Dodge: Dodged            |     9 |    14 ||    23
